Map: Thunderbird LE

Players

Coach - Winner!

  • Race: Zerg Zerg
  • League: Diamond
  • Spawn Location: 5:00

Mez

  • Race: Zerg Zerg
  • League: Master
  • Spawn Location: 11:00

VOD

Have the link to the VOD?

Description

Time

  • Played on: July 29, 2019, 6:10 a.m.
  • Length: 12:39
Show
View Real Time Build Order
Export as new Build Order

Coach Zerg - Winner!

Build Orders: Hatch First, Lurkers, Roach Hydra 

Get SALT Encoding   

  12  0:00  Drone  
  13  0:12  Overlord  
  13  0:17  Drone  
  14  0:31  Drone x2  
  16  0:38  Drone  
  17  0:53  Hatchery  
  16  0:57  Drone  
  16  0:59  Extractor  
  16  1:03  Drone  
  17  1:15  Spawning Pool  
  17  1:18  Drone  
  17  1:24  Drone  
  18  1:28  Overlord  
  18  1:40  Drone  
  19  2:04  Queen  
  19  2:05  Queen  
  19  2:06  Metabolic Boost  
  19  2:07  Zergling x4  
  25  2:11  Drone  
  25  2:13  Drone  
  27  2:17  Drone  
  27  2:22  Drone  
  29  2:29  Drone  
  30  2:33  Drone  
  31  2:38  Drone  
  32  2:50  Hatchery  
  31  2:51  Overlord  
  31  2:57  Drone x2  
  33  3:10  Spine Crawler  
  33  3:12  Zergling x4  
  34  3:14  Baneling Nest  
  34  3:16  Zergling x4  
  35  3:20  Drone  
  35  3:21  Drone  
  37  3:29  Drone x2  
  39  3:35  Overlord  
  39  3:38  Drone x3  
  42  3:50  Overlord, Drone x2  
  42  3:53  Drone  
  42  3:54  Drone  
  46  4:01  Baneling x2  
  46  4:03  Lair  
  46  4:07  Evolution Chamber, Roach Warren  
  46  4:08  Drone  
  45  4:10  Drone  
  45  4:15  Drone x2  
  45  4:16  Extractor  
  47  4:21  Drone x4  
  50  4:27  Queen  
  50  4:28  Drone  
  50  4:30  Drone  
  54  4:33  Drone x2  
  54  4:35  Drone  
  56  4:46  Extractor  
  56  4:47  Extractor, Zerg Missile Weapons Level 1  
  56  4:51  Drone x4  
  58  4:57  Overlord x2  
  58  5:00  Roach x3  
  58  5:03  Roach  
  66  5:12  Overlord  
  66  5:17  Roach  
  66  5:18  Roach x5  
  66  5:21  Roach x2  
  82  5:28  Overlord x2  
  82  5:32  Glial Reconstitution  
  82  5:41  Roach x5  
  88  5:44  Roach  
  88  5:49  Roach x3  
  88  5:53  Roach  
  88  5:56  Ravager  
  89  5:58  Roach  
  89  6:03  Drone x3  
  92  6:11  Drone, Roach x3  
  98  6:12  Drone  
  98  6:16  Overseer  
  100  6:26  Drone x4  
  100  6:27  Overlord x2  
  104  6:33  Hydralisk Den  
  104  6:36  Overlord x2  
  103  6:43  Zerg Missile Weapons Level 2  
  103  6:45  Drone x2  
  103  6:46  Drone x3  
  108  6:47  Drone x5  
  113  7:01  Roach x3  
  119  7:06  Roach x4  
  125  7:10  Grooved Spines  
  125  7:12  Extractor  
  125  7:13  Roach x3, Extractor  
  129  7:16  Ravager  
  129  7:18  Ravager  
  131  7:41  Hatchery  
  132  7:44  Overlord x2, Roach x3  
  132  7:45  Overlord  
  136  8:01  Hydralisk  
  136  8:02  Hydralisk  
  138  8:14  Overseer  
  138  8:16  Hydralisk  
  138  8:17  Hydralisk x6  
  152  8:23  Lurker Den  
  152  8:24  Drone x2  
  153  8:28  Overseer  
  153  8:45  Hydralisk  
  153  8:46  Hydralisk x3  
  153  8:47  Overlord x3  
  161  8:59  Queen, Zerg Ground Armor Level 1  
  163  9:05  Overlord x4  
  163  9:07  Hydralisk x5  
  173  9:11  Drone x4  
  173  9:12  Spine Crawler x2  
  173  9:14  Spine Crawler  
  173  9:16  Spore Crawler  
  173  9:27  Hydralisk x4  
  173  9:28  Roach x5  
  173  9:29  Roach x3  
  197  9:52  Lurker x3  
  200  9:56  Hatchery, Muscular Augments  
  194  10:27  Hydralisk x3  
  194  10:28  Hydralisk x6, Roach x4  
  182  10:29  Hydralisk x2, Roach x4  
  164  10:43  Roach  
  164  10:44  Roach x9  
  164  10:46  Lurker  
  185  10:57  Lurker  
  186  11:10  Hydralisk x3  
  186  11:11  Hydralisk  
  194  11:27  Infestation Pit  
  193  11:44  Roach x3  
  199  11:52  Roach x4  
  199  11:53  Roach x12  
  193  11:58  Hydralisk  
  193  11:59  Hydralisk  
  165  12:14  Roach x8  
  179  12:23  Lurker  
Show
View Real Time Build Order
Export as new Build Order

Mez Zerg 

Build Orders: Hatch First 

Get SALT Encoding   

  12  0:01  Drone  
  13  0:10  Drone  
  14  0:17  Overlord  
  14  0:24  Drone, Extractor  
  15  0:36  Drone  
  15  0:37  Drone  
  17  0:44  Drone  
  18  0:57  Hatchery  
  18  1:00  Drone  
  18  1:09  Drone, Extractor  
  18  1:17  Drone  
  19  1:22  Spawning Pool  
  18  1:28  Drone  
  20  1:40  Drone  
  20  1:49  Overlord  
  20  2:10  Queen x2  
  20  2:11  Zergling x6  
  27  2:21  Drone x2  
  29  2:34  Metabolic Boost  
  29  2:41  Drone x2  
  31  2:53  Drone, Hatchery  
  31  2:54  Drone x2  
  33  3:01  Overlord  
  33  3:14  Roach Warren  
  32  3:21  Drone x6  
  38  3:38  Drone x4  
  38  3:39  Drone x2  
  44  3:48  Overlord  
  44  3:56  Extractor  
  44  4:02  Overlord  
  43  4:03  Overlord  
  43  4:10  Roach x5  
  43  4:15  Queen  
  54  4:28  Roach x8  
  66  4:38  Roach  
  66  4:39  Roach x2  
  72  4:58  Roach  
  72  4:59  Overlord x4  
  74  5:00  Overlord  
  74  5:10  Extractor  
  73  5:16  Lair  
  73  5:24  Roach x2  
  77  5:34  Drone x10  
  77  5:35  Drone x5  
  88  5:47  Drone x2  
  64  6:08  Extractor  
  63  6:11  Roach x3  
  63  6:12  Roach x8  
  63  6:14  Overlord x2  
  85  6:22  Extractor  
  84  6:39  Roach x5  
  94  6:40  Overlord x2  
  94  6:46  Extractor  
  93  6:47  Drone  
  93  6:48  Drone x7  
  93  6:53  Roach x3  
  101  7:04  Roach  
  103  7:12  Zergling x8  
  103  7:13  Zergling x14, Roach Warren  
  113  7:32  Zergling x8  
  113  7:33  Zergling x4  
  119  7:38  Zergling x6  
  122  7:50  Overlord  
  122  7:51  Overlord  
  122  7:55  Roach x7  
  136  8:01  Hatchery, Queen  
  137  8:06  Evolution Chamber  
  137  8:07  Evolution Chamber  
  137  8:11  Glial Reconstitution  
  133  8:13  Roach x8  
  133  8:16  Ravager x5  
  133  8:18  Overlord  
  154  8:32  Overlord x4  
  154  8:55  Zerg Ground Armor Level 1, Zerg Missile Weapons Level 1  
  154  9:12  Roach x2  
  154  9:13  Roach x13  
  184  9:19  Roach x3  
  184  9:20  Roach x2  
  184  9:21  Roach  
  184  9:33  Ravager x2  
  184  9:34  Ravager x14  
  194  9:50  Overlord x2  
  194  9:54  Hatchery  
  166  10:25  Roach x12  
  166  10:26  Roach x9  
  137  10:50  Roach x10  
  157  11:10  Queen  
  159  11:16  Roach x9  
  177  11:23  Overseer x2  
  177  11:24  Overseer x2  
  133  11:56  Roach x9  
  107  12:02  Roach x2  
  107  12:03  Roach  
  107  12:08  Roach x2  
Tags
 
Add a new tag
Caveats
  • Supply blocks, unpowered buildings, or Contaminate may cause inaccurate times.
  • Supply counts are checked every 10 seconds.